 Dungeon Crawl Stone Soup version 0.31.0-11-ge490571c62 (webtiles) character file.

Game seed: 17612701279685531739

18 qw the Shooter (level 2, -3/16 HPs)
             Began as a Deep Elf Hunter on Feb 5, 2024.
             Succumbed to their own poison gas
             ... on level 1 of the Dungeon.
             The game lasted 00:00:11 (740 turns).

qw the Shooter (Deep Elf Hunter)                     Turns: 740, Time: 00:00:11

Health: -3/16      AC:  5    Str:  8    XL:     2   Next: 48%
Magic:  4/4        EV: 10    Int: 13    God:
Gold:   35         SH:  0    Dex: 18    Spells: 1/1 levels left

rFire   . . .        a - +0 shortbow
rCold   . . .        (shield currently unavailable)
rNeg    . . .        j - +0 ring mail
rPois   .            (no helmet)
rElec   .            (no cloak)
rCorr   .            (no gloves)
SInv    .            (no boots)
Will    .....        (no amulet)
Stlth   +            (no ring)
HPRegen 0.22/turn    (no ring)
MPRegen 0.09/turn

%: no passive effects
@: lethally poisoned (-3 -> -18)
A: no striking features
a: no special abilities


You were on level 1 of the Dungeon.
You visited 1 branch of the dungeon, and saw 1 of its levels.

You collected 35 gold pieces.


   Skills:
 - Level 1.5 Fighting
 + Level 6.3 Ranged Weapons
 - Level 2.4 Dodging
 - Level 1.2 Stealth


You had one spell level left.
You didn't know any spells.
Your spell library was empty.

Inventory:

Hand Weapons
 a - a +0 shortbow (weapon)
Armour
 j - a +0 ring mail (worn)
Potions
 d - a potion of might
 e - a potion of curing
 l - a potion of heal wounds

Dungeon Overview and Level Annotations

Branches:
Dungeon (1/15)

Altars:


Message History

As you read the scroll labelled QITWABO LYPNI, it crumbles to dust.
You hear a loud clanging noise!
It was a scroll of noise.
Partly explored, can't reach some places.
735 ||| READING scroll labelled NEXUBBECVA.
As you read the scroll labelled NEXUBBECVA, it crumbles to dust.
The air around you briefly surges with heat, but it dissipates.
It was a scroll of immolation.
Partly explored, can't reach some places.
736 ||| READING scroll labelled GACEVO NOPUCVU.
The air fills with toxic fumes!
As you read the scroll labelled GACEVO NOPUCVU, it crumbles to dust.
It was a scroll of poison.
Partly explored, can't reach some places.
737 ||| DRINKING 2 green potions.
It was a potion of curing.
You feel better.
Partly explored, can't reach some places.
738 ||| DRINKING 2 black potions.
It was a potion of heal wounds.
You feel much better.
Partly explored, can't reach some places.
739 ||| DROPPING scroll of butterflies.
You drop a scroll of butterflies.
You hear a splash.
Partly explored, can't reach some places.
What level of the Dungeon? (default 1, ? - help) Sorry, I don't know how to get there.
Enter note:
Enter note:
Enter note:
Enter note:
Enter note:
Enter note:
Enter note:
Enter note:
Enter note:
Enter note:
Enter note:
Enter note: You are engulfed in poison gas.
You are poisoned.
Ouch! That really hurt!
You die...

#~~~7..P<7 #
#~~~7...77 #
#¤¤¤¤¤¤¤¤77# #
#¤¤¤¤¤¤¤¤¤¤# #
#¤¤¤¤¤¤¤¤¤P# ###
#¤¤¤¤¤¤¤¤¤¤# #..
#¤¤¤¤¤¤¤¤¤P# #..
#¤¤¤¤¤¤¤7¤7#########''
#¤¤¤¤@¤¤¤¤¤7P.P77.##..
#¤¤¤?¤¤¤P¤¤¤.......P..
#¤¤¤¤¤¤¤¤¤¤¤..........
#¤¤¤¤¤¤¤¤¤¤¤..........
#¤¤¤¤¤¤¤¤¤¤¤..........
#¤¤¤¤¤¤¤¤¤¤¤~..~~..~~.
#¤¤¤¤¤¤¤¤¤¤¤~.~~~~~~~~
#¤¤¤¤¤¤¤¤¤¤¤~~~~~~~~~~
#¤¤¤¤¤¤¤¤¤¤¤~~~~~~~~~~


There were no monsters in sight!

Vanquished Creatures
  2 dart slugs (D:1)
  A ball python (D:1)
  2 goblins (D:1)
  3 jackals (D:1)
  A kobold (D:1)
  A quokka (D:1)
  A bat (D:1)
  A frilled lizard (D:1)
12 creatures vanquished.

Notes
Turn   | Place    | Note
-------+----------+-------------------------------------------
     0 | D:1      | qw the Deep Elf Hunter began the quest for the Orb.
     0 | D:1      | Reached XP level 1. HP: 12/12 MP: 3/3
     0 | D:1      | 0 ||| qw: Version: 0.3-a-160-g6735b56
     0 | D:1      | 0 ||| qw: Game counter: 6443
     0 | D:1      | 0 ||| qw: Melee chars always use a shield: true
     0 | D:1      | 0 ||| qw: God list: Okawaru
     0 | D:1      | 0 ||| qw: Allow faded altars: false
     0 | D:1      | 0 ||| qw: Do Orc after clearing Dungeon:15 true
     0 | D:1      | 0 ||| qw: Do second Lair branch before Depths: true
     0 | D:1      | 0 ||| qw: Lair rune preference: random
     0 | D:1      | 0 ||| qw: Goals: Normal
     0 | D:1      | 0 ||| PLANNING D:1-11
   236 | D:1      | Reached skill level 6 in Ranged Weapons
   236 | D:1      | Reached XP level 2. HP: 16/16 MP: 4/4
   721 | D:1      | 721 ||| UPGRADING to +0 ring mail.
   731 | D:1      | 731 ||| DROPPING +0 leather armour.
   732 | D:1      | 732 ||| DROPPING ring of wizardry.
   733 | D:1      | 733 ||| READING scroll labelled REOGIETHIE.
   733 | D:1      | 733 ||| IDENTIFYING sedimented golden potion
   734 | D:1      | 734 ||| READING scroll labelled QITWABO LYPNI.
   735 | D:1      | 735 ||| READING scroll labelled NEXUBBECVA.
   736 | D:1      | 736 ||| READING scroll labelled GACEVO NOPUCVU.
   737 | D:1      | 737 ||| DRINKING 2 green potions.
   738 | D:1      | 738 ||| DRINKING 2 black potions.
   739 | D:1      | 739 ||| DROPPING scroll of butterflies.
   740 | D:1      | HP: 3/16 [cloud of poison gas (13)]
   740 | D:1      | Succumbed to their own poison gas

Levels and vault maps discovered:
D:1:      kennysheep_arrival_seaside, layout_basic, roderic_lattice_a

Skill      XL: |  1 |
---------------+----+-----
Ranged Weapons | 6 |  6.3
Fighting       | |  1.5
Dodging        | |  2.4
Stealth        | |  1.2

Action                     || total
---------------------------++-------
   Fire: Shortbow          ||    26
    Use: Scroll            ||     4
         Potion            ||     2
 Armour: Leather armour    ||     1
  Dodge: Dodged            ||     3

Table legend:
 A = Non-vault XP
 B = Vault XP
 C = Vault XP percentage of total XP
 D = Non-vault monster count
 E = Vault monster count
 F = Vault count percentage of total count
                 A         B        C        D         E       F
            +---------+---------+-------+---------+---------+-------
      Total |      26 |       0 |   0.0 |      12 |       0 |   0.0
            +---------+---------+-------+---------+---------+-------
        D:1 |      26 |       0 |   0.0 |      12 |       0 |   0.0
            +---------+---------+-------+---------+---------+-------
